Map: Королевская бухта РВ

Players

MrOuille

  • Race: Zerg Zerg
  • League: Platinum
  • Spawn Location: 5:00

aram - Winner!

  • Race: Terran Terran
  • League: Platinum
  • Spawn Location: 11:00

VOD

Have the link to the VOD?

Description

Time

  • Played on: March 26, 2019, 2:46 a.m.
  • Length: 6:48
Show
View Real Time Build Order
Export as new Build Order

MrOuille Zerg 

Build Orders: Hatch First 

Get SALT Encoding   

  12  0:01  Drone  
  13  0:13  Overlord  
  13  0:18  Drone  
  14  0:31  Drone x2  
  16  0:54  Hatchery  
  16  0:57  Drone  
  16  0:59  Extractor  
  16  1:00  Drone  
  16  1:07  Drone  
  17  1:20  Spawning Pool  
  17  1:24  Drone  
  17  1:28  Drone  
  18  1:39  Drone  
  19  2:06  Metabolic Boost  
  19  2:08  Queen x2  
  19  2:09  Zergling x4  
  19  2:12  Zergling x2  
  26  2:16  Zergling x2  
  27  2:25  Zergling x2  
  28  2:32  Overlord  
  28  2:50  Drone  
  28  2:51  Drone x2  
  31  2:52  Drone  
  32  3:01  Lair  
  32  3:04  Baneling Nest  
  31  3:06  Drone x2  
  31  3:07  Drone  
  34  3:16  Drone x2  
  36  3:21  Overlord  
  36  3:25  Overlord  
  36  3:40  Pneumatized Carapace  
  36  3:43  Drone x5  
  36  3:44  Drone  
  42  3:50  Spore Crawler  
  41  4:04  Drone x3, Spore Crawler  
  41  4:05  Drone x2  
  45  4:13  Extractor  
  45  4:15  Drone x2, Extractor  
  45  4:16  Drone  
  46  4:24  Zergling x2  
  46  4:25  Zergling x2  
  46  4:31  Overseer  
  48  4:37  Baneling x2  
  48  4:41  Spine Crawler  
  48  4:42  Spine Crawler  
  48  4:43  Zergling x6  
  48  4:44  Zergling x6, Spine Crawler  
  51  4:58  Zergling x2  
  52  5:02  Baneling x2  
  52  5:03  Overlord x4  
  52  5:04  Overlord  
  52  5:09  Baneling x2  
  52  5:10  Baneling x2  
  52  5:32  Zergling x2  
  52  5:33  Zergling x22  
  64  5:57  Zergling x2  
  64  5:58  Zergling x6  
  68  6:12  Zergling x2  
  68  6:13  Zergling x12  
  79  6:34  Hatchery  
Show
View Real Time Build Order
Export as new Build Order

aram Terran - Winner!

Build Orders:  

Get SALT Encoding   

  12  0:01  SCV  
  13  0:14  Refinery  
  13  0:16  SCV  
  14  0:28  SCV  
  15  0:31  Supply Depot  
  15  0:54  Barracks  
  15  1:00  Barracks  
  15  1:09  Supply Depot  
  15  1:15  SCV  
  16  1:27  SCV  
  17  1:41  Factory  
  17  1:49  Barracks Reactor  
  17  1:51  Barracks Tech Lab  
  17  2:00  Orbital Command  
  17  2:16  Marine  
  17  2:20  Combat Shield  
  18  2:34  Marine  
  18  2:35  Marine  
  18  2:36  Marine  
  21  2:52  Marauder  
  21  2:53  Marine  
  24  3:03  Command Center  
  24  3:13  Starport  
  24  3:14  SCV  
  24  3:17  Marine  
  26  3:22  Marine  
  26  3:24  Marine  
  28  3:35  Marine  
  28  3:38  Concussive Shells  
  28  3:40  Marine  
  30  3:45  SCV  
  30  3:48  Refinery  
  31  4:14  Marine x2  
  31  4:15  SCV, Orbital Command, Medivac  
  36  4:17  Marine  
  37  4:32  Marine  
  38  4:39  Marine  
  38  4:40  Marauder  
  38  4:45  Medivac  
  43  4:50  Marine  
  43  4:52  Orbital Command  
  44  4:57  Supply Depot, Marine  
  44  4:58  Supply Depot  
  45  5:01  Marine  
  46  5:26  Viking  
  48  5:36  SCV  
  48  5:39  SCV  
  50  5:48  SCV  
  51  5:55  Marine x2  
  51  5:56  Marauder, Viking  
  57  6:00  SCV  
  58  6:13  Marine x2  
  62  6:35  Supply Depot  
  62  6:39  Supply Depot  
Tags
 
Add a new tag
Caveats
  • Supply blocks, unpowered buildings, or Contaminate may cause inaccurate times.
  • Supply counts are checked every 10 seconds.